 Dungeon Crawl Stone Soup version 0.27.0-1-g7a089689b8 (webtiles) character file.

Game seed: 16568836494120660159

246924 SnakkuSnakku7 the Brawler (level 18, -7/162 HPs)
             Began as a Troll Ice Elementalist on Aug 3, 2021.
             Was a High Priest of Hepliaklqana.
             Mangled by a deep troll (16 damage)
             ... led by an ironbound preserver
             ... while paralysed by a sphinx
             ... on level 1 of the Vaults.
             The game lasted 01:05:48 (29890 turns).

SnakkuSnakku7 the Brawler (Troll Ice Elementalist) Turns: 29890, Time: 01:05:48

Health: -7/162     AC: 24    Str: 21    XL:     18   Next: 80%
Magic:  0/24       EV:  1    Int: 14    God:    Hepliaklqana [*****.]
Gold:   496        SH:  0    Dex: 19    Spells: 19/19 levels left

rFire    x . .     SeeInvis +     - Unarmed
rCold    + . .     Faith    .   Y - +6 tower shield "Rughup" {+Blink rF+ Int+3}
rNeg     . . .     Spirit   +   R - +2 ice dragon scales
rPois    +         Reflect  .   n - +2 hat of the Dwarven Hall {Dex+3}
rElec    .         Harm     .   X - +1 cloak {rPois}
rCorr    .         Rampage  .   (gloves unavailable)
Will     +....                  (boots unavailable)
Stlth    ..........             P - amulet of guardian spirit
HPRegen  1.37/turn              r - +4 ring of protection
MPRegen  0.19/turn              q - ring of Starshine {rPois EV+4 SInv}

@: paralysed, unable to read, studying Unarmed Combat
A: reduced essence, large, unfitting armour, claws 3, regeneration 1, shaggy fur
1, tough skin 1, inability to read while threatened, inability to train dodging,
no earth magic, no translocations magic, no transmutations magic, missing an
eye, temperature sensitive
}: 2/15 runes: barnacled, gossamer
a: Renounce Religion, Evoke Blink, Recall Ancestor, Ancestor Identity,
Transference, Idealise


You were on level 1 of the Vaults.
You worshipped Hepliaklqana.
Hepliaklqana was extremely pleased with you.
You visited 7 branches of the dungeon, and saw 33 of its levels.
You visited 1 bazaar.
You also visited: Sewer and Ossuary.

You collected 3403 gold pieces.
You spent 2907 gold pieces at shops.

Inventory:

Missiles
 i - 5 silver boomerangs
 J - 57 large rocks (quivered)
 Q - 5 throwing nets
Armour
 n - the +2 hat of the Dwarven Hall (worn) {Dex+3}
   (You found it on level 5 of the Lair of Beasts)

   Dex:       It affects your dexterity (+3).
 O - the +0 cloak of Impatience {Str+6 Dex+4}
   (You bought it in a shop on level 2 of the Orcish Mines)

   Str:       It affects your strength (+6).
   Dex:       It affects your dexterity (+4).
 R - +2 ice dragon scales (worn)
 T - +0 fire dragon scales
 X - a +1 cloak of poison resistance (worn)
 Y - the +6 tower shield "Rughup" (worn) {+Blink rF+ Int+3}
   (You took it off Louise on level 3 of the Spider Nest)

   Int:       It affects your intelligence (+3).
   rF:        It protects you from fire.
   +Blink:    It lets you blink.
Jewellery
 p - a +6 ring of dexterity
 q - the ring of Starshine (right claw) {rPois EV+4 SInv}
   (You found it on level 4 of the Dungeon)

   [ring of evasion]

   EV:        It affects your evasion (+4).
   rPois:     It protects you from poison.
   SInv:      It lets you see invisible.
 r - a +4 ring of protection (left claw)
 w - a ring of protection from fire
 C - a ring of resist corrosion
 P - an amulet of guardian spirit (around neck)
Wands
 a - a wand of polymorph (15)
 h - a wand of acid (17)
 m - a wand of paralysis (27)
 F - a wand of flame (33)
 H - a wand of digging (23)
 I - a wand of iceblast (36)
 L - a wand of mindburst (26)
Scrolls
 d - 3 scrolls of fear
 e - 2 scrolls of fog
 l - 19 scrolls of teleportation
 s - 2 scrolls of immolation
 x - 2 scrolls of blinking
 z - 2 scrolls of magic mapping
 D - 2 scrolls of vulnerability
 E - 2 scrolls of enchant armour
 U - 5 scrolls of identify
 V - a scroll of summoning
Potions
 b - 11 potions of curing
 c - 3 potions of berserk rage
 f - 3 potions of brilliance
 g - 10 potions of mutation
 j - 5 potions of cancellation
 k - 5 potions of flight
 o - 5 potions of haste
 t - 2 potions of might
 u - 2 potions of invisibility
 v - a potion of magic
 A - 2 potions of lignification
 B - 3 potions of ambrosia
 N - a potion of attraction
 S - a potion of resistance
Miscellaneous
 y - a box of beasts
 K - a lightning rod (4/4)
 M - a phial of floods
 W - a condenser vane (inert)


   Skills:
 - Level 11.6 Fighting
 - Level 10.0 Throwing
 - Level 8.0 Armour
 - Level 1.0 Stealth
 - Level 12.0 Shields
 + Level 16.9 Unarmed Combat
 - Level 1.2 Spellcasting
 - Level 2.9 Ice Magic
 - Level 10.0 Invocations
 - Level 6.0 Evocations


You had 19 spell levels left.
You didn't know any spells.
Your spell library contained the following spells:

 Spells                   Type           Power      Damage    Failure   Level
 Freeze                   Ice            36%        1d6       38%         1
 Ensorcelled Hibernation  Hex/Ice        10%        N/A       75%         2
 Frozen Ramparts          Ice            18%        1d3       77%         3
 Ozocubu's Armour         Ice            9%         N/A       77%         3
 Animate Skeleton         Necr           0%         N/A       82%         1
 Corona                   Hex            0%         N/A       82%         1
 Foxfire                  Conj/Fire      0%         2x1d4     82%         1
 Pain                     Necr           0%         1d4       82%         1
 Shock                    Conj/Air       0%         1d3       82%         1
 Summon Small Mammal      Summ           0%         N/A       82%         1
 Corpse Rot               Necr/Air       N/A        N/A       91%         2
 Poisonous Vapours        Pois/Air       0%         N/A       91%         2
 Conjure Flame            Conj/Fire      0%         6-21      99%         3
 Inner Flame              Hex/Fire       0%         N/A       99%         3
 Mephitic Cloud           Conj/Pois/Air  0%         N/A       99%         3
 Swiftness                Air            0%         N/A       99%         3
 Tukima's Dance           Hex            0%         N/A       99%         3
 Vampiric Draining        Necr           0%         2d6       99%         3
 Airstrike                Air            0%         N/A       100%        4
 Hailstorm                Conj/Ice       5%         3d4       100%        4
 Excruciating Wounds      Necr           0%         N/A       100%        5
 Freezing Cloud           Conj/Ice/Air   1%         6-21      100%        5
 Metabolic Englaciation   Hex/Ice        2%         N/A       100%        5
 Simulacrum               Ice/Necr       2%         N/A       100%        6
 Ozocubu's Refrigeration  Ice            4%         4d5       100%        7
 Apportation              Tloc           Unusable   N/A       N/A         1
 Ignite Poison            Fire/Tmut/Pois Unusable   N/A       N/A         3
 Portal Projectile        Hex/Tloc       Unusable   N/A       N/A         3
 Blade Hands              Tmut           Unusable   N/A       N/A         5
 Bolt of Magma            Conj/Fire/Erth Unusable   4d4       N/A         5

Dungeon Overview and Level Annotations

Branches:
Dungeon (15/15)            Temple (1/1) D:4            Lair (6/6) D:10
 Shoals (4/4) Lair:4       Spider (4/4) Lair:2        Slime (0/5) Lair:5
    Orc (2/2) D:10            Elf (0/3) Orc:2        Vaults (1/5) D:13
 Depths (0/5) D:15          Sewer (visited)         Ossuary (visited)

Altars:
Ashenzari
Cheibriados
Dithmenos
Fedhas
Gozag
Hepliaklqana
Kikubaaqudgha
Makhleb
Nemelex Xobeh
Okawaru
Qazlal
Ru
Sif Muna
Trog
Uskayaw
Vehumet
Wu Jian
Xom
Yredelemnul
Zin

Shops:
D:1 (   D:6 (   Orc:2 ?*[[=*(*   Shoals:2 *

Annotations:
D:15 Roxanne
Lair:4 exclusion: 3 oklob plants


Innate Abilities, Weirdness & Mutations

Your life essence is reduced to manifest your ancestor. (-10% HP)
You are too large for most types of armour.
You have claws for hands.
Your natural rate of healing is unusually fast.
You are covered in fur. (AC +1)
You have tough skin. (AC +1)
You sometimes lose the ability to read scrolls when taking damage.
You cannot train Dodging skill.
You cannot study or cast Earth magic.
You cannot study or cast Translocations magic.
You cannot study or cast Transmutations magic.
You are missing an eye, making it more difficult to aim.
You are sensitive to extremes of temperature. (rF-, rC-)


Message History

The deep troll claws you! The deep troll barely misses you.
The ironbound convoker gestures at the sphinx while chanting.
The sphinx seems to grow stronger.
You feel better. You block the deep troll's attack. x3
Politank-Z hits the deep troll with a +0 dagger of draining!
The war gargoyle hits you with a +0 great mace of protection!
The sphinx hits you! The sphinx hits you but does no damage.
You block the sphinx's attack.
The deep troll bites you but does no damage.
The deep troll closely misses you.
The deep troll claws you but does no damage.
You block the war gargoyle's attack.
Politank-Z casts a spell at the sphinx.
The sphinx easily resists.
The war gargoyle launches metal splinters at you.
The spray of metal splinters hits you! The war gargoyle closely misses you.
Politank-Z completely misses the sphinx.
The war gargoyle hits you but does no damage.
You block the war gargoyle's attack.
The ironbound convoker points at the deep troll and mumbles some strange words.
The deep troll seems to grow stronger.
The war gargoyle launches metal splinters at you.
The spray of metal splinters hits you!!!
* * * LOW HITPOINT WARNING * * *
The ironbound convoker gestures at the deep troll while chanting.
The deep troll seems to grow stronger.
The sphinx mumbles some strange words.
You suddenly lose the ability to move!
The war gargoyle hits you with a +0 great mace of protection.
* * * LOW HITPOINT WARNING * * *
The sphinx mumbles some strange words.
Something smites you!
* * * LOW HITPOINT WARNING * * *
The war gargoyle hits you but does no damage.
Politank-Z hits the sphinx with a +0 dagger of draining!
Politank-Z drains the sphinx.
The deep troll bites you!
* * * LOW HITPOINT WARNING * * *
The deep troll claws you!
You die...

#...# #...# ##########...#
.............# .............#
.............# ####...)†...#
#......#........#
#!.....#@T......#
#......#T9H.....#
#......#........# ..
#..>...#..R.....# ....+.
...#p.......#
....########........#
....................#########
.............................
.............................


You could see the friendly Politank-Z the hexer, a sphinx (strong, drained, ally
target), 2 deep trolls, a war gargoyle and an ironbound convoker.

Vanquished Creatures
  Nikola (Shoals:1)
  Arachne (Spider:2)
  Jorgrun (Shoals:1)
  Frances (Shoals:2)
  Gastronok (Lair:3)
  Donald (Spider:2)
  Agnes (D:15)
  3 ghost moths
  Louise (Spider:3)
  2 emperor scorpions (Spider:4)
  A stone giant (Orc:2)
  3 very ugly things
  3 entropy weavers
  A dire elephant (Vaults:1)
  Azrael (D:15)
  2 spark wasps (Spider:4)
  Snorg (Lair:3)
  2 ettins
  2 merfolk javelineers
  A fire dragon (D:14)
  2 merfolk impalers
  8 hydras
  An ice dragon (D:15)
  The ghost of Jiolyugh the Geomancer, a journeyman GrEE of Qazlal (D:14)
  2 vault guards (D:13)
  An ironbound thunderhulk (Vaults:1)
  2 catoblepae
  5 boulder beetles
  An ironbound frostheart (Vaults:1)
  A merfolk aquamancer (Shoals:4)
  4 centaur warriors
  2 two-headed ogres
  3 satyrs
  A deep troll shaman (Lair:6)
  11 death yaks
  An ironbound beastmaster (Vaults:1)
  An orc high priest (Orc:2)
  3 sea snakes
  2 glowing orange brains
  A wizard (D:15)
  Pikel (D:8)
  2 orc knights (Orc:2)
  A deep elf pyromancer (D:13)
  2 necromancers
  A lindwurm (Lair:6)
  8 harpies
  18 fauns
  2 deep elf zephyrmancers (D:13)
  18 wolf spiders
  11 cyclopes
  2 orc sorcerers
  9 orb spiders
  A sphinx skeleton (Vaults:1)
  15 ugly things
  3 oklob plants
  12 manticores
  A wolf spider (shapeshifter) (D:14)
  11 elephants
  A moth of wrath (Spider:4)
  3 merfolk sirens
  2 torpor snails
  3 water nymphs
  Joseph (D:7)
  4 black mambas
  12 cane toads
  2 gargoyles
  7 komodo dragons
  2 rime drakes
  2 freezing wraiths
  An unseen horror (D:11)
  5 demonic crawlers
  A tengu conjurer (D:13)
  A meliai (D:13)
  4 trolls
  10 merfolk
  19 jumping spiders
  3 wind drakes
  A polar bear (Lair:2)
  7 hornets
  5 snapping turtles
  10 blink frogs
  A dream sheep (shapeshifter) (D:14)
  10 dream sheep
  An ettin zombie (Vaults:1)
  7 slime creatures
  41 redbacks
  Sigmund (D:2)
  27 tarantellas
  A spriggan (shapeshifter) (D:14)
  A shadow (D:12)
  A wraith (D:10)
  A water elemental (Shoals:4)
  67 yaks
  3 wyverns
  2 neqoxecs
  A hog (shapeshifter) (D:13)
  5 basilisks
  A fire elemental (D:15)
  8 vampire mosquitoes
  9 humans (D:13)
  Grum (D:10)
  Menkaure (D:7)
  2 acid dragons
  A warg (Orc:1)
  2 floating eyes (shapeshifter) (D:14)
  11 water moccasins
  Duvessa (D:7)
  An ogre skeleton (Vaults:1)
  A hexer (Spider:4)
  4 hell hounds (D:15)
  20 orc warriors
  4 black bears
  An elf simulacrum (Vaults:1)
  7 ogres
  4 centaurs
  4 boggarts (D:14)
  13 wolves
  3 lemures (D:8)
  A kobold brigand (D:9)
  2 phantoms (D:6)
  A wyvern zombie (D:8)
  A bullfrog (shapeshifter) (D:14)
  14 bullfrogs
  2 gnoll sergeants
  4 scorpions
  Dowan (D:7)
  4 killer bees (D:10)
  3 wights
  4 howler monkeys
  3 electric eels
  3 centaur zombies
  A bullfrog zombie (D:5)
  A centaur skeleton (D:7)
  2 human zombies (Ossuary)
  A gnoll shaman (D:4)
  12 orc priests
  2 hounds
  6 jellies
  4 iguanas
  20 orc wizards
  7 hell rats (Lair:2)
  2 polar bear simulacra (Lair:3)
  4 yak simulacra (Lair:3)
  A wolf simulacrum (Lair:3)
  A killer bee zombie (D:8)
  2 hound zombies (Ossuary)
  3 mummies (Ossuary)
  Robin (D:2)
  17 gnolls
  8 adders
  A river rat (D:5)
  2 ufetubi
  5 adder zombies (Ossuary)
  An adder skeleton (D:4)
  A worm (D:2)
  3 dart slugs
  60 orcs
  8 ball pythons
  2 bats (D:2)
  5 endoplasms
  7 giant cockroaches
  12 goblins
  13 hobgoblins
  12 jackals
  A quokka (D:3)
  16 frilled lizards
  A gnoll zombie (Ossuary)
  5 hobgoblin zombies (Ossuary)
  A jackal zombie (Ossuary)
  21 kobolds
  5 kobold zombies (Ossuary)
  3 orc zombies (Ossuary)
  7 quokka zombies (Ossuary)
  6 rats
  3 rat zombies (Ossuary)
  4 river rat simulacra (Lair:3)
919 creatures vanquished.

Vanquished Creatures (collateral kills)
  The ghost of krigyl the Severer, an adept FoWr of Nemelex Xobeh (Shoals:4)
  A ghost moth (Spider:4)
  An ettin (Orc:2)
  A catoblepas (D:13)
  An ice dragon (D:15)
  A two-headed ogre (D:12)
  A deep troll (Vaults:1)
  A sea snake (Shoals:2)
  An ironbound convoker (Vaults:1)
  2 harpies (Shoals:4)
  4 wolf spiders
  2 cyclopes (Orc:2)
  4 orb spiders
  2 fauns
  A manticore (Shoals:1)
  A water nymph (Shoals:4)
  A merfolk siren (Shoals:3)
  A guardian serpent (shapeshifter) (D:11)
  A demonic crawler (Spider:2)
  A wind drake (Shoals:3)
  2 merfolk
  6 jumping spiders
  A slime creature (D:15)
  A snapping turtle (Shoals:1)
  A hornet (Spider:2)
  11 redbacks
  5 tarantellas
  A fire elemental (D:15)
  A warg (Orc:2)
  A hell hound (D:15)
  An orc warrior (D:11)
  A centaur (Shoals:2)
  A boggart (D:14)
  An orc wizard (Orc:2)
  4 orcs (Orc:2)
67 creatures vanquished.

Vanquished Creatures (others)
  A vault guard (D:13)
  A hydra (Lair:6)
  A death yak (Lair:6)
  An orb spider (Spider:4)
  A wolf spider (Spider:1)
  A tarantella (Spider:2)
  A yak (Lair:1)
  A basilisk (Lair:4)
  16 hexers
  2 ancestors (Orc:2)
  A wight (D:10)
  An orc (Orc:2)
  25 fungi
  192 plants
245 creatures vanquished.

Grand Total: 1231 creatures vanquished

Notes
Turn   | Place    | Note
-------+----------+-------------------------------------------
     0 | D:1      | SnakkuSnakku7 the Troll Ice Elementalist began the quest
                  | for the Orb.
     0 | D:1      | Reached XP level 1. HP: 16/16 MP: 1/1
    41 | D:1      | Found Ysotuep's Antique Weapon Shop.
    46 | D:1      | Reached skill level 1 in Unarmed Combat
    68 | D:1      | Reached XP level 2. HP: 21/24 MP: 2/2
    71 | D:1      | Found a faded altar of an unknown god.
   116 | D:1      | Reached skill level 2 in Unarmed Combat
   290 | D:1      | Reached XP level 3. HP: 24/31 MP: 3/3
   445 | D:1      | Reached skill level 3 in Unarmed Combat
   871 | D:2      | Noticed Robin
   913 | D:2      | Reached XP level 4. HP: 34/39 MP: 4/4
   946 | D:2      | Killed Robin
   987 | D:2      | Noticed Sigmund
  1038 | D:1      | Reached skill level 4 in Unarmed Combat
  1071 | D:2      | Killed Sigmund
  1072 | D:2      | Reached skill level 5 in Unarmed Combat
  1072 | D:2      | Reached XP level 5. HP: 38/45 MP: 5/5
  1382 | D:3      | Reached XP level 6. HP: 53/53 MP: 6/6
  1447 | D:3      | Reached skill level 6 in Unarmed Combat
  2270 | D:4      | Identified the ring of Starshine {rPois EV+4 SInv}
  2292 | D:4      | Found a staircase to the Ecumenical Temple.
  2309 | Temple   | Entered the Ecumenical Temple
  2491 | Temple   | Became a worshipper of Ru the Awakened
  2639 | D:4      | Reached skill level 7 in Unarmed Combat
  2996 | D:5      | Entered Level 5 of the Dungeon
  3008 | D:5      | Reached XP level 7. HP: 56/59 MP: 7/7
  3097 | D:5      | Found a glowing drain.
  3106 | Sewer    | Entered a sewer
  3618 | D:5      | Reached skill level 8 in Unarmed Combat
  3824 | D:5      | Reached skill level 9 in Unarmed Combat
  3828 | D:5      | Reached XP level 8. HP: 59/67 MP: 8/8
  3960 | D:6      | Found a sand-covered staircase.
  3965 | Ossuary  | Entered an ossuary
  4200 | Ossuary  | Reached skill level 10 in Unarmed Combat
  4287 | D:6      | Reached skill level 1 in Fighting
  4355 | D:6      | Found Aceeleur's Weapon Shoppe.
  4622 | D:6      | Found a burning altar of Makhleb.
  4826 | D:7      | Noticed Joseph
  4847 | D:7      | Killed Joseph
  4995 | D:7      | Identified the +6 leather armour "Goxkiuk" {rElec rCorr
                  | Dex-5}
  5043 | D:7      | Noticed Duvessa
  5043 | D:7      | Noticed Dowan
  5052 | D:7      | Killed Duvessa
  5053 | D:7      | Reached skill level 5 in Fighting
  5053 | D:7      | Reached XP level 9. HP: 64/88 MP: 9/9
  5055 | D:7      | Killed Dowan
  5129 | D:7      | Noticed Menkaure
  5137 | D:7      | Noticed a manticore
  5140 | D:7      | Killed Menkaure
  5528 | D:8      | Noticed a troll
  5547 | D:8      | Killed a troll
  5980 | D:8      | Noticed Pikel
  6006 | D:8      | Killed Pikel
  6372 | D:8      | Reached XP level 10. HP: 95/104 MP: 10/10
  6535 | D:7      | Killed a manticore
  6536 | D:7      | Reached skill level 5 in Dodging
  7372 | D:9      | Noticed a two-headed ogre
  7380 | D:9      | Killed a two-headed ogre
  7577 | D:9      | Gained mutation: You are sensitive to extremes of
                  | temperature. (rF-, rC-) [Ru sacrifice]
  7577 | D:9      | Reached * piety under Ru
  7577 | D:9      | Reached ** piety under Ru
  7598 | D:9      | Identified the +9 hand axe of Saubb {freeze, *Noise +Rage
                  | rF+++ rC-}
  7642 | D:10     | Entered Level 10 of the Dungeon
  7665 | D:9      | Reached XP level 11. HP: 29/110 MP: 11/11
  7884 | D:10     | Found a staircase to the Lair.
  8051 | D:10     | Reached skill level 1 in Throwing
  8219 | D:10     | Noticed Grum
  8234 | D:10     | Killed Grum
  8334 | D:10     | Found a staircase to the Orcish Mines.
  8481 | Lair:1   | Entered Level 1 of the Lair of Beasts
  8511 | Lair:1   | Noticed an eight-headed hydra
  8889 | Lair:1   | Noticed an oklob plant
  8890 | Lair:1   | Noticed an oklob plant
  8906 | Lair:1   | Reached skill level 5 in Throwing
  8950 | Lair:1   | Killed an oklob plant
  8956 | Lair:1   | Killed an oklob plant
  9276 | Lair:1   | Gained mutation: You are missing an eye, making it more
                  | difficult to aim. [Ru sacrifice]
  9276 | Lair:1   | Reached *** piety under Ru
  9748 | Lair:2   | Reached XP level 12. HP: 102/119 MP: 12/12
 10399 | Lair:2   | Found a hole to the Spider Nest.
 10480 | Lair:2   | Reached skill level 10 in Throwing
 10807 | Lair:3   | Noticed Gastronok
 10827 | Lair:3   | Killed Gastronok
 10828 | Lair:3   | Reached skill level 5 in Armour
 11051 | Lair:3   | Noticed a four-headed hydra
 11150 | Lair:3   | Noticed Snorg
 11183 | Lair:3   | Killed Snorg
 11196 | Lair:3   | Killed a four-headed hydra
 11293 | Lair:3   | Noticed a five-headed hydra
 11308 | Lair:3   | Killed a five-headed hydra
 11410 | Lair:3   | Gained mutation: You cannot study or cast Earth magic. [Ru
                  | sacrifice]
 11410 | Lair:3   | Gained mutation: You cannot study or cast Transmutations
                  | magic. [Ru sacrifice]
 11410 | Lair:3   | Gained mutation: You cannot study or cast Translocations
                  | magic. [Ru sacrifice]
 11410 | Lair:3   | Reached **** piety under Ru
 11433 | Lair:3   | Reached XP level 13. HP: 113/127 MP: 13/13
 11693 | Lair:3   | Reached skill level 11 in Unarmed Combat
 12190 | Lair:4   | Found a staircase to the Shoals.
 12761 | Lair:4   | Reached skill level 12 in Unarmed Combat
 13177 | Lair:5   | Identified the +2 hat of the Dwarven Hall {Dex+3}
 13389 | Lair:5   | Gained mutation: You sometimes lose the ability to read
                  | scrolls when taking damage. [Ru sacrifice]
 13389 | Lair:5   | Reached ***** piety under Ru
 13427 | Lair:5   | Found a staircase to the Slime Pits.
 13482 | Lair:5   | Reached skill level 13 in Unarmed Combat
 14125 | Lair:6   | Entered Level 6 of the Lair of Beasts
 14160 | Lair:6   | Found a bloodstained altar of Trog.
 14222 | Lair:6   | Reached skill level 14 in Unarmed Combat
 14367 | Lair:6   | Identified the +1 buckler of Powerful Awe {rC- Int+8
                  | Slay-6}
 14675 | Lair:6   | Reached XP level 14. HP: 133/136 MP: 14/14
 14821 | Lair:6   | Reached skill level 15 in Unarmed Combat
 15007 | Lair:6   | Gained mutation: You cannot train Dodging skill. [Ru
                  | sacrifice]
 15007 | Lair:6   | Reached ****** piety under Ru
 15163 | Lair:6   | Identified the amulet of Obsession {Acrobat -Cast +Inv Fly
                  | rElec}
 15738 | Temple   | Fell from the grace of Ru
 15738 | Temple   | Became a worshipper of Hepliaklqana the Forgotten
 15952 | Orc:1    | Entered Level 1 of the Orcish Mines
 16150 | Orc:2    | Entered Level 2 of the Orcish Mines
 16150 | Orc:2    | Found Lean's General Store.
 16780 | Orc:2    | Reached * piety under Hepliaklqana
 16785 | Orc:2    | Found Tiodwoir's General Store.
 16812 | Orc:2    | Reached skill level 10 in Fighting
 16838 | Orc:2    | Noticed a stone giant
 16846 | Orc:2    | Killed a stone giant
 16949 | Orc:2    | Bought a scroll of teleportation for 42 gold pieces
 16949 | Orc:2    | Bought a potion of haste for 140 gold pieces
 16961 | Orc:2    | Found Eluecsi's Antique Weapon Shop.
 17089 | Orc:2    | Found Siasi's Jewellery Shop.
 17373 | Orc:2    | Found Suum Laps's Antique Armour Shoppe.
 17414 | Orc:2    | Found a staircase to the Elven Halls.
 17418 | Orc:2    | Found Enequ's Antique Armour Shoppe.
 17421 | Orc:2    | Found Coawev's Magic Scroll Emporium.
 17442 | Orc:2    | Bought a fine cloak for 304 gold pieces
 17442 | Orc:2    | Identified the +0 cloak of Impatience {Str+6 Dex+4} (You
                  | bought it in a shop on level 2 of the Orcish Mines)
 17458 | Orc:2    | Bought a scroll of teleportation for 54 gold pieces
 17458 | Orc:2    | Bought a scroll of teleportation for 54 gold pieces
 17458 | Orc:2    | Bought a scroll of teleportation for 54 gold pieces
 17813 | Orc:2    | Found a shimmering blue altar of Sif Muna.
 17870 | Orc:2    | Found Azuhicsi's General Store.
 17878 | Orc:2    | Bought a scroll of teleportation for 36 gold pieces
 17894 | Orc:2    | Bought a box of beasts for 480 gold pieces
 17992 | Orc:2    | Bought an amulet of guardian spirit for 360 gold pieces
 18262 | D:11     | Reached ** piety under Hepliaklqana
 18266 | D:11     | Remembered your ancestor Politank-Z as a hexer
 18370 | D:11     | Found a flickering gateway to a bazaar.
 18377 | Bazaar   | Entered a bazaar
 18377 | Bazaar   | Found Tofywk's Antique Weapon Shoppe.
 18377 | Bazaar   | Found Jatiz's Magic Scroll Shoppe.
 18395 | Bazaar   | Found Tetuer's General Store.
 18406 | Bazaar   | Found Cimag's Book Emporium.
 18423 | Bazaar   | Found Etaet's Antique Armour Boutique.
 18443 | Bazaar   | Bought a scroll of teleportation for 45 gold pieces
 18443 | Bazaar   | Bought a scroll of blinking for 112 gold pieces
 18443 | Bazaar   | Bought a scroll of magic mapping for 52 gold pieces
 18462 | Bazaar   | Bought a phial of floods for 440 gold pieces
 18462 | Bazaar   | Bought a potion of mutation for 88 gold pieces
 18748 | D:12     | Identified the +10 dire flail of Baoskioniwk {holy, Str+4
                  | Int+4}
 19124 | D:12     | Reached skill level 1 in Evocations
 19535 | D:13     | Reached XP level 15. HP: 134/140 MP: 15/15
 19571 | D:13     | Reached *** piety under Hepliaklqana
 20217 | D:13     | Found a gate to the Vaults.
 20284 | D:14     | Reached skill level 1 in Shields
 20318 | D:14     | Found a runed translucent gate.
 20318 | D:14     | Found a runed translucent gate.
 20318 | D:14     | Found a runed translucent gate.
 20779 | D:14     | Found a hide-covered altar of Uskayaw.
 21340 | D:14     | Found a runed translucent gate.
 21340 | D:14     | Found a runed translucent gate.
 21346 | D:14     | Found a runed translucent gate.
 21349 | D:14     | Noticed Jiolyugh's ghost (journeyman GrEE)
 21420 | D:14     | Reached skill level 5 in Shields
 21451 | D:14     | Killed Jiolyugh's ghost
 21658 | D:15     | Entered Level 15 of the Dungeon
 21681 | D:15     | Noticed Roxanne
 21976 | D:15     | Reached **** piety under Hepliaklqana
 22094 | D:15     | Noticed Azrael
 22165 | D:15     | Killed Azrael
 22290 | D:15     | Noticed Agnes
 22300 | D:15     | Killed Agnes
 22393 | D:15     | Found a staircase to the Depths.
 23396 | Spider:1 | Entered Level 1 of the Spider Nest
 24026 | Spider:1 | Reached XP level 16. HP: 48/148 MP: 4/16
 24673 | Spider:1 | Reached skill level 10 in Shields
 24747 | Spider:2 | Reached skill level 1 in Invocations
 25042 | Spider:2 | Noticed Arachne
 25195 | Spider:2 | Killed Arachne
 25478 | Spider:3 | Reached skill level 5 in Invocations
 25708 | Spider:3 | Noticed Donald
 25835 | Spider:2 | Killed Donald
 25862 | Spider:3 | Identified the +6 tower shield "Rughup" {+Blink rF+ Int+3}
 25862 | Spider:3 | Noticed Louise
 25890 | Spider:3 | Killed Louise
 26200 | Spider:4 | Entered Level 4 of the Spider Nest
 26479 | Spider:4 | Reached ***** piety under Hepliaklqana
 27276 | Spider:4 | Reached skill level 10 in Invocations
 27276 | Spider:4 | Reached XP level 17. HP: 134/154 MP: 1/23
 27291 | Spider:4 | Got a gossamer rune of Zot
 27489 | Shoals:1 | Entered Level 1 of the Shoals
 27489 | Shoals:1 | Noticed Nikola
 27500 | Shoals:1 | Killed Nikola
 27505 | Shoals:1 | Reached XP level 18. HP: 162/162 MP: 24/24
 27640 | Shoals:2 | Noticed Jorgrun
 27642 | Shoals:2 | Noticed Frances
 27662 | Shoals:1 | Killed Jorgrun
 27994 | Shoals:2 | Killed Frances
 28259 | Shoals:4 | Entered Level 4 of the Shoals
 28259 | Shoals:4 | Found a runed translucent door.
 28260 | Shoals:4 | Noticed krigyl's ghost (adept FoWr)
 28361 | Shoals:4 | Killed krigyl's ghost
 28454 | Shoals:4 | Identified the +3 executioner's axe of Hireh {flame,
                  | *Corrode rF++}
 28810 | Shoals:4 | Reached skill level 16 in Unarmed Combat
 29091 | Shoals:4 | Got a barnacled rune of Zot
 29171 | Shoals:3 | Identified a scroll of acquirement
 29172 | Shoals:3 | Acquired a manual of Unarmed Combat
 29238 | Shoals:2 | Found Tanwoas's Overcharged Wands.
 29246 | Shoals:2 | Bought a wand of digging (15) for 646 gold pieces
 29507 | Vaults:1 | Entered Level 1 of the Vaults
 29888 | Vaults:1 | Paralysed by a sphinx for 5 turns
 29890 | Vaults:1 | Mangled by a deep troll

Illustrated notes

Levels and vault maps discovered:
D:1:      dpeg_arrival_leaves_temple_mockup, layout_loops_ring,
          basic_ecumenical_altar, serial_shops, nicolae_square_shop,
          serial_bayou_crossing
D:2:      layout_rooms, uniq_robin, uniq_sigmund
D:3:      layout_loops_cross, chequers_arboretum, minmay_hedge_maze,
          ebering_dispersal_statue_hall
D:4:      layout_gridville, minmay_temple_entry_large_hall
D:5:      layout_rooms, portal_sewer_entry_e, hangedman_decor_riveting,
          minmay_holes
D:6:      layout_basic, makhleb_altar_promises_db, serial_shops,
          nicolae_shop_stone, enter_ossuary_2, minmay_misc_feat_hallway
D:7:      layout_loops_ring, uniq_menkaure, uniq_joseph, uniq_duvessa
D:8:      layout_basic, uniq_pikel
D:9:      layout_loops_cross
D:10:     layout_basic, lair_entry_dummy, orc_0_dummy, uniq_grum
D:11:     layout_rooms, serial_rivers, chequers_serial_rivers_micro_d,
          chequers_serial_rivers_micro_e, chequers_serial_rivers_micro_c,
          chequers_serial_rivers_small_a, chequers_serial_rivers_marsh,
          serial_shops, bzr_entry_islet
D:12:     layout_irregular_city
D:13:     layout_roguey, ximxim_vaults_locker_room, billiards_dpeg
D:14:     layout_irregular_city, ploomutoo_gammafunk_ghost_potion_laboratory,
          nicolae_uskayaw_dance_hall
D:15:     grunt_enter_depths_hoard, layout_gridville, serial_co_window_serial,
          co_window_paths_a, co_window_of_opportunity_a, co_window_corner_a,
          co_window_of_opportunity_a, co_window_corner_a, co_window_paths_a,
          co_window_corner_a, co_window_2corner, co_window_unsneaky_path_d,
          co_window_of_opportunity_c, co_window_unsneaky_path_d,
          co_window_paths_c, minivault_24, uniq_roxanne, uniq_agnes, uniq_azrael
Temple:   roderic_octagonal_lattice_temple
Lair:1:   layout_hall_layers, serial_bayou_shore_b, minmay_lair_oklob_chamber
Lair:2:   layout_chaotic_city, spider_nest_entry_funnel_web,
          infiniplex_staircase_pool_2, serial_bayou_shore_a
Lair:3:   layout_regular_city, eino_house_with_fridge, uniq_snorg,
          uniq_gastronok
Lair:4:   layout_cave_pods, minmay_shoals_entry_hut, serial_bayou_pond_e,
          dpeg_oklob_1
Lair:5:   layout_concentric_octagons, minmay_slime_entry_pillars,
          serial_bayou_pond_a, chequers_serial_rivers_large_a
Lair:6:   grunt_lair_end_beastmaster, layout_regular_city, lemuel_oklob_altar
Shoals:1: layout_shoals, nicolae_shoals_beach_cooler, uniq_nikola
Shoals:2: layout_shoals, nicolae_shop_overcharged_wands, uniq_frances,
          uniq_jorgrun
Shoals:3: layout_shoals
Shoals:4: shoals_end_grunt_garden, layout_shoals, ebering_ghost_reflecting_pool
Spider:1: layout_spider_delve
Spider:2: layout_spider_delve, uniq_arachne
Spider:3: layout_spider_delve, uniq_louise, uniq_donald
Spider:4: spider_rune_water
Orc:1:    layout_caves
Orc:2:    grunt_orc_gardens, layout_caves, grunt_orc_garden, grunt_orc_garden,
          grunt_orc_garden, grunt_orc_garden, serial_shops, shop_statue, shop,
          nicolae_shop_stone, nicolae_square_shop, kennysheep_orc_sif_temple
Vaults:1: hangedman_vaults_snaps, v_misc_25, hangedman_vaults_corner_blocks,
          ontoclasm_vaults_tryst, layout_vaults_omnigrid

Skill      XL: |  1  2  3  4  5  6  7  8  9 10 11 12 13 14 15 16 17 18 |
---------------+-------------------------------------------------------+-----
Unarmed Combat | 1 2 3 5 7 9 10 14 15 16 | 16.9
Fighting       | 5 8 11 | 11.6
Dodging        | 3 8 0 |  0.0
Armour         | 2 4 8 |  8.0
Throwing       | 8 10 | 10.0
Evocations     | 2 4 6 |  6.0
Shields        | 9 10 12 | 12.0
Invocations    | 10 | 10.0
Stealth        | |  1.0
Spellcasting   | |  1.2
Ice Magic      | |  2.9

Action                   |  1- 3 |  4- 6 |  7- 9 | 10-12 | 13-15 | 16-18 || total
-------------------------+-------+-------+-------+-------+-------+-------++-------
Melee: Unarmed           |   135 |   143 |   403 |   768 |  1475 |  1149 ||  4073
       Punch             |     1 |     3 |    23 |    69 |   125 |       ||   221
Throw: Boomerang         |       |     7 |       |     3 |       |       ||    10
       Large rock        |       |       |       |    11 |    18 |       ||    29
Invok: Reject Sacrifices |       |       |     1 |       |       |       ||     1
       Sacrifice Resista |       |       |       |     1 |       |       ||     1
       Sacrifice an Eye  |       |       |       |     1 |       |       ||     1
       Draw Out Power    |       |       |       |     1 |       |       ||     1
       Sacrifice Arcana  |       |       |       |     1 |       |       ||     1
       Sacrifice Words   |       |       |       |       |     1 |       ||     1
       Sacrifice Nimblen |       |       |       |       |     1 |       ||     1
       Ancestor Life: He |       |       |       |       |     1 |       ||     1
       Ancestor Identity |       |       |       |       |     1 |       ||     1
       Recall Ancestor   |       |       |       |       |     4 |     6 ||    10
Evoke: Lightning rod     |       |       |       |     3 |     6 |     6 ||    15
       Wand              |       |       |       |       |     7 |    10 ||    17
       Phial of floods   |       |       |       |       |       |     2 ||     2
       Box of beasts     |       |       |       |       |       |     1 ||     1
       Condenser vane    |       |       |       |       |       |     1 ||     1
  Use: Scroll            |       |     7 |    10 |     4 |    10 |     4 ||    35
       Potion            |       |       |       |     6 |     1 |    13 ||    20
 Stab: Sleeping          |     2 |     1 |     9 |     1 |     1 |       ||    14
       Invisible         |       |       |       |     4 |     2 |       ||     6
       Distracted        |       |       |       |     3 |    17 |    12 ||    32
       Petrified         |       |       |       |       |    13 |       ||    13
       Paralysed         |       |       |       |       |    16 |    73 ||    89
       Confused          |       |       |       |       |     2 |    24 ||    26
Armor: Robe              |    50 |     2 |       |       |       |       ||    52
       Animal skin       |       |    32 |    49 |       |       |       ||    81
       Acid dragon scale |       |       |    14 |   142 |   249 |       ||   405
       Skin              |       |       |       |   123 |       |       ||   123
       Ice dragon scales |       |       |       |       |   268 |   608 ||   876
Dodge: Dodged            |    62 |    61 |   194 |   488 |   646 |   378 ||  1829
Block: Other             |       |       |    51 |   166 |   142 |       ||   359
       Reflection        |       |       |       |       |     3 |       ||     3
       Tower shield      |       |       |       |       |   238 |  1404 ||  1642
